 Seeded DCSS version 0.25.1-8-g42b30a86e7 (webtiles) character file.

Game seed: 20201214 (custom seed)

342 radhat240 the Scholar of Death (level 6, -4/49 HPs)
             Began as a Naga Necromancer on Dec 14, 2020.
             Was a Follower of Kikubaaqudgha.
             Slain by a sky beast (6 damage)
             ... on level 5 of the Dungeon.
             The game lasted 00:34:12 (5214 turns).

radhat240 the Scholar of Death (Naga Necromancer)   Turns: 5214, Time: 00:34:13

Health: -4/49      AC:  6    Str: 11    XL:     6   Next: 57%
Magic:  13/13      EV: 10    Int: 17    God:    Kikubaaqudgha [*.....]
Gold:   165        SH:  0    Dex: 11    Spells: 5/14 levels left

rFire    . . .     SeeInvis +   g - +1 short sword
rCold    . . .     Gourm    .   (no shield)
rNeg     . . .     Faith    .   a - +2 robe
rPois    +         Spirit   .   (no helmet)
rElec    .         Reflect  .   o - +0 cloak
rCorr    .         Harm     .   (no gloves)
MR       .....                  (no barding)
Stlth    ++........             (no amulet)
HPRegen  0.16/turn              (no ring)
MPRegen  0.13/turn              (no ring)

@: very slow
A: large, see invisible, deformed body, poison resistance, slowness 2, slow
metabolism 1, spit poison 1, AC +2
a: Spit Poison, Receive Corpses, Renounce Religion


You were on level 5 of the Dungeon.
You worshipped Kikubaaqudgha.
Kikubaaqudgha was aware of your devotion.
You were not hungry.

You visited 1 branch of the dungeon, and saw 5 of its levels.

You collected 165 gold pieces.

Inventory:

Hand Weapons
 g - a +1 short sword (weapon)
Missiles
 f - 2 boomerangs of dispersal (quivered)
 l - 61 sling bullets
Armour
 a - a +2 robe (worn)
 o - a +0 cloak (worn)
Wands
 e - a wand of polymorph (2)
Scrolls
 b - a scroll of blinking
 h - 6 scrolls of identify
 i - 2 scrolls of remove curse
 j - 3 scrolls of teleportation
Potions
 d - a potion of brilliance
 q - a potion of cancellation
Comestibles
 c - 7 rations


   Skills:
 + Level 1.7 Dodging
 + Level 3.1 Stealth
 + Level 4.6 Spellcasting
 + Level 5.9 Necromancy


You had 5 spell levels left.
You knew the following spells:

 Your Spells              Type           Power        Failure   Level  Hunger
a - Pain                  Necr           ###.         1%          1    None
b - Animate Skeleton      Necr           N/A          1%          1    None
c - Vampiric Draining     Necr           ###.......   3%          3    ###....
d - Animate Dead          Necr           N/A          13%         4    ####...

Your spell library contained the following spells:

 Spells                   Type           Power        Failure   Level  Hunger
 Sublimation of Blood     Necr           ###.......   1%          2    ##.....
 Agony                    Necr           ###.....     34%         5    ######.


Dungeon Overview and Level Annotations

Branches:
Dungeon (5/15)
 Temple: D:4-7

Altars:
Ashenzari
Cheibriados
Hepliaklqana
Kikubaaqudgha
Nemelex Xobeh
Qazlal


Innate Abilities, Weirdness & Mutations

You cannot wear boots.
Your serpentine skin is tough. (AC +2)
You have supernaturally acute eyesight. (SInv)
Armour fits poorly on your strangely shaped body.
Your system is resistant to poisons. (rPois)
You cover ground very slowly.
You have a slow metabolism.
You can spit poison.


Message History

The sky beast hits you but does no damage.
You climb downwards.
There is a stone staircase leading up here.
The sky beast hits you.
* * * LOW HITPOINT WARNING * * *
The sky beast shocks you.
* * * LOW HITPOINT WARNING * * *
The sky beast flickers out of sight for a moment.
The sky beast barely misses you. The sky beast barely misses you.
The sky beast hits you.
* * * LOW HITPOINT WARNING * * *
The sky beast shocks you.
* * * LOW HITPOINT WARNING * * *
The sky beast flickers out of sight for a moment.
The sky beast hits you.
* * * LOW HITPOINT WARNING * * *
The sky beast shocks you.
You die...
Kikubaaqudgha rasps: "You have failed me!
Welcome... death!"

#.ยง###.#####.##
#######.## ##........
.........###.########
##........#)##
#.#######..# # ##.#
#.# ######.#########
...........Y@...#
#######.#######.# #.#
#.# ..# ###


You could see a sky beast.

Vanquished Creatures
  A howler monkey (D:4)
  A hound (D:4)
  Terence (D:3)
  3 orc wizards (D:4)
  2 worker ants (D:4)
  6 adders
  A shadow imp (D:5)
  A worm (D:2)
  2 dart slugs (D:1)
  2 leopard geckos (D:1)
  An orc (D:3)
  A giant cockroach (D:2)
  9 goblins
  5 hobgoblins
  9 jackals
  A quokka (D:4)
  A ball python (D:1)
  6 bats
  3 frilled lizards
  3 kobolds
  5 rats
64 creatures vanquished.

Vanquished Creatures (collateral kills)
  An ooze (D:2)
  A worm (D:2)
  A leopard gecko (D:3)
  A giant cockroach (D:1)
  A frilled lizard (D:2)
  A kobold (D:2)
  A rat (D:2)
7 creatures vanquished.

Grand Total: 71 creatures vanquished

Notes
Turn   | Place    | Note
-------+----------+-------------------------------------------
     0 | D:1      | radhat240 the Naga Necromancer began the quest for the Orb.
     0 | D:1      | Reached XP level 1. HP: 15/15 MP: 3/3
   105 | D:1      | Learned a level 1 spell: Animate Skeleton
   400 | D:1      | Reached XP level 2. HP: 19/22 MP: 0/5
  1434 | D:2      | Reached XP level 3. HP: 26/28 MP: 2/6
  1622 | D:2      | Found an ancient bone altar of Kikubaaqudgha.
  1649 | D:2      | Became a worshipper of Kikubaaqudgha
  1688 | D:2      | Found a sparkling altar of Nemelex Xobeh.
  2052 | D:2      | Reached XP level 4. HP: 28/36 MP: 1/8
  2289 | D:2      | Found a shattered altar of Ashenzari.
  2289 | D:2      | Found a stormy altar of Qazlal.
  2297 | D:2      | Found a snail-covered altar of Cheibriados.
  2347 | D:2      | Learned a level 3 spell: Vampiric Draining
  2352 | D:2      | Learned a level 4 spell: Animate Dead
  2594 | D:3      | Reached skill level 5 in Necromancy
  3328 | D:3      | Reached XP level 5. HP: 35/42 MP: 1/10
  3480 | D:3      | Reached * piety under Kikubaaqudgha
  3480 | D:3      | Identified Kikubaaqudgha's Incunabulum of Darkness
                  | (Kikubaaqudgha gifted it to you on level 3 of the Dungeon)
  3480 | D:3      | Received a gift from Kikubaaqudgha
  3653 | D:3      | Noticed Terence
  3658 | D:3      | Killed Terence
  4470 | D:4      | Reached XP level 6. HP: 46/49 MP: 5/12
  4790 | D:4      | Found a hazy altar of Hepliaklqana.
  4869 | D:4      | Noticed a phantom
  4882 | D:5      | Entered Level 5 of the Dungeon
  5144 | D:5      | Noticed a sky beast
  5214 | D:5      | HP: 2/49 [sky beast (2)]
  5214 | D:5      | Slain by a sky beast

Illustrated notes

Levels and vault maps discovered:
D:1:      lemuel_arrival_muddy, layout_basic, minmay_misc_feat_plants
D:2:      layout_rooms, nicolae_overflow_crystal_walls, lemuel_crystal_altar,
          minitemple
D:3:      minmay_spotlight, layout_basic, first_ration, uniq_terence
D:4:      layout_cave_pods, nicolae_overflow_hidden_temple, serial_column_ruins,
          column_ruins_courtyard_long, column_ruins_grid_1,
          column_ruins_columns_corner, column_ruins_grid_1,
          column_ruins_open_tiny, column_ruins_columns_corner, uniq_eustachio,
          uniq_pikel
D:5:      layout_loops_ring, grunt_dithmenos_shadows

Skill      XL: |  1  2  3  4  5 |
---------------+----------------+-----
Spellcasting   | 3 4 |  4.6
Necromancy     | 5 |  5.9
Dodging        | |  1.7
Stealth        | |  3.1

Action                   |  1- 3 |  4- 6 || total
-------------------------+-------+-------++-------
Melee: Unarmed           |    21 |       ||    21
       Short sword       |       |    43 ||    43
Throw: Boomerang         |       |     6 ||     6
 Cast: Pain              |    60 |    87 ||   147
       Animate Skeleton  |    17 |     7 ||    24
       Vampiric Draining |       |     4 ||     4
       Animate Dead      |       |     6 ||     6
 Abil: Spit Poison       |     3 |     1 ||     4
  Use: Scroll            |     7 |     3 ||    10
       Potion            |     4 |     4 ||     8
  Eat: Chunk             |     3 |     2 ||     5
       Ration            |       |     3 ||     3
Armor: Robe              |    14 |    47 ||    61
Dodge: Dodged            |    22 |    67 ||    89
